 Dungeon Crawl Stone Soup version 0.27-a0-506-g2188dfaaa0 (webtiles) character file.

Game seed: 14010239006607368710

9886 Morbidden the Carver (level 11, -7/84 HPs)
             Began as a Demonspawn Fighter on Mar 3, 2021.
             Was a High Priest of Cheibriados.
             Mangled by an orc warrior
             ... wielding a +0 spear
              (18 damage)
             ... in a bailey.
             The game lasted 00:15:00 (8327 turns).

Morbidden the Carver (Demonspawn Fighter)           Turns: 8327, Time: 00:15:01

Health: -7/84      AC: 36    Str: 27    XL:     11   Next: 28%
Magic:  16/16      EV: 10    Int: 26    God:    Cheibriados [*****.]
Gold:   565        SH: 17    Dex: 25    Spells: 17/17 levels left

rFire    . . .     SeeInvis .   a - +3 scimitar (flame)
rCold    . . .     Faith    .   R - +4 kite shield of Sloth {rN+}
rNeg     + . .     Spirit   .   Q - +9 plate armour of Qazlal's Esteem {rPois Int+3}
rPois    +         Reflect  .   (helmet restricted)
rElec    .         Harm     .   F - +2 cloak {rCorr}
rCorr    +         Rampage  .   q - +0 pair of gloves
Will     .....                  y - +0 pair of boots
Stlth    ..........             m - amulet of regeneration
HPRegen  1.24/turn              n - +4 ring of protection
MPRegen  0.15/turn              k - +4 ring of protection

@: mighty, very slow
A: horns 2, foul stench 1, sharp scales 2
a: Renounce Religion, Bend Time, Temporal Distortion, Slouch, Step From Time


You were in a bailey.
You worshipped Cheibriados.
Cheibriados was extremely pleased with you.
You visited 2 branches of the dungeon, and saw 12 of its levels.
You also visited: Bailey.

You collected 649 gold pieces.
You spent 84 gold pieces at shops.

Inventory:

Hand Weapons
 a - a +3 scimitar of flaming (weapon)
 b - a +2 dagger of venom
 s - a +0 hunting sling
Missiles
 j - 54 poisoned darts (quivered)
 C - 14 sling bullets
 M - 9 boomerangs
Armour
 q - a +0 pair of gloves (worn)
 y - a +0 pair of boots (worn)
 F - a +2 cloak of preservation (worn)
 Q - the +9 plate armour of Qazlal's Esteem (worn) {rPois Int+3}
   (You found it on level 8 of the Dungeon)

   It affects your intelligence (+3).
   It protects you from poison.
 R - the +4 kite shield of Sloth (worn) {rN+}
   (You found it on level 9 of the Dungeon)

   It protects you from negative energy.
Magical Staves
 O - a staff of conjuration
Jewellery
 e - a ring of poison resistance
 g - a ring of wizardry
 k - a +4 ring of protection (right hand)
 m - an amulet of regeneration (around neck)
 n - a +4 ring of protection (left hand)
 x - a ring of protection from fire
 H - a ring of magical power
 L - a ring of magical power
Wands
 u - a wand of polymorph (6)
 B - a wand of iceblast (23)
Scrolls
 c - 5 scrolls of teleportation
 f - a scroll of noise
 l - 8 scrolls of identify
 o - 2 scrolls of immolation
 r - a scroll of enchant armour
 A - 2 scrolls of blinking
 G - a scroll of fear
 P - a scroll of fog
 S - a scroll of teleportation
Potions
 d - 4 potions of might
 h - 3 potions of degeneration {unknown}
 i - 3 potions of attraction {unknown}
 p - a potion of experience {unknown}
 t - a potion of flight {unknown}
 v - a potion of ambrosia {unknown}
 w - a potion of mutation {unknown}
 z - 2 potions of invisibility {unknown}
 D - 6 potions of curing
 E - 6 potions of berserk rage {unknown}
 I - a potion of haste {unknown}
 J - 2 potions of brilliance {unknown}
 K - a potion of resistance {unknown}
 N - 5 potions of heal wounds {unknown}
 T - a potion of curing
Miscellaneous
 U - a phantom mirror (inert)


   Skills:
 * Level 7.2 Fighting
 + Level 4.8(7.2) Short Blades
 * Level 8.2(8.9) Long Blades
 + Level 1.4 Throwing
 + Level 4.9 Armour
 * Level 5.5 Dodging
 + Level 1.8 Stealth
 + Level 7.4 Shields
 * Level 3.9 Spellcasting
 * Level 6.3 Invocations


You had 17 spell levels left.
You didn't know any spells.
Your spell library contained the following spells:

 Spells                   Type           Power        Failure   Level
 Corona                   Hex            5%           95%         1
 Ensorcelled Hibernation  Hex/Ice        10%          99%         2
 Confusing Touch          Hex            5%           100%        3
 Dazzling Flash           Conj/Hex       10%          100%        3
 Tukima's Dance           Hex            5%           100%        3


Dungeon Overview and Level Annotations

Branches:
Dungeon (11/15)            Temple (1/1) D:6             Orc (0/2) D:10
 Bailey (1/1)
   Lair: D:8-11

Altars:
Ashenzari
Cheibriados
Dithmenos
Fedhas
Gozag
Hepliaklqana
Kikubaaqudgha
Makhleb
Okawaru
Qazlal
Sif Muna
Trog
Uskayaw
Wu Jian
Yredelemnul
Zin
The Shining One

Shops:
D:10 ?*[

Annotations:
D:6 2 transporters, Menkaure
D:9 2 transporters, lupus83's ghost, novice DrIE


Innate Abilities, Weirdness & Mutations

You have a pair of horns on your head.
You may rarely emit foul miasma when damaged in melee.
You are mostly covered in razor-sharp scales. (AC +2, Slay +2)


Message History

You closely miss the orc knight.
The orc hits you from afar with a +0 halberd.
The orc warrior hits you but does no damage.
You block the orc knight's attack. x2; The orc hits you but does no damage.
Your orc knight hits the orc with a +0 trident!
The orc dies!
Cheibriados thoroughly appreciates the change of pace.
The orc hits you but does no damage.
You slash the orc knight! You burn the orc knight. You headbutt the orc knight!
The orc knight is moderately wounded.
An orc knight comes into view. It is wielding a +0 glaive.
You block the orc's attack. You block the orc knight's attack. x2
The orc warrior hits you from afar with a +0 glaive!
Your orc knight hits the orc warrior but does no damage.
The orc barely misses you. The orc hits you with a +0 trident.
You slash the orc knight! You burn the orc knight.
The orc knight is severely wounded.
Your orc knight shimmers and vanishes!
The orc knight roars a battlecry!
You block the orc's attack. You block the orc knight's attack.
The orc knight hits you from afar with a +0 trident!
The orc warrior hits you from afar with a +0 glaive.
The orc barely misses you.
You hear a shout!
You hit the orc knight. You burn the orc knight. You headbutt the orc knight!
The orc knight is almost dead.
You block the orc's attack.
The orc knight hits you but does no damage.
The orc knight hits you from afar with a +0 trident!!
* * * LOW HITPOINT WARNING * * *
The orc hits you but does no damage. You block the orc's attack.
The orc warrior hits you but does no damage.
The orc knight hits you with a +0 glaive!
* * * LOW HITPOINT WARNING * * *
The orc knight barely misses you. You block the orc knight's attack.
You block the orc's attack. You block the orc warrior's attack.
The orc knight hits you with a +0 glaive.
* * * LOW HITPOINT WARNING * * *
The orc warrior hits you from afar with a +0 spear!!
You die...

####### ######
##.....#########.....##
##..)....#.....#.......'
.#))))...'.....'ooo....'
/'...)...'.....'@)o....'
.#)))....'.....o..o.o..'
##.......#.....#.oo....'
##.....#########.o...##
####### ######


You could see 5 orc knights, 2 orc warriors and 3 orcs.

Vanquished Creatures
  A boulder beetle (D:11)
  Erica (D:9)
  2 two-headed ogres
  Maurice (D:9)
  2 trolls
  5 yaks (D:10)
  Sigmund (D:2)
  2 wraiths (D:10)
  A wyvern (D:11)
  A warg (D:10)
  A water moccasin (D:9)
  3 ice beasts
  11 orc warriors
  7 ogres
  An eye of draining (D:11)
  3 centaurs
  3 phantoms
  A kobold brigand (D:10)
  4 bullfrogs
  2 scorpions
  8 killer bees
  A howler monkey (D:7)
  A quasit (D:9)
  7 hounds
  A centaur zombie (D:8)
  5 jellies
  10 orc priests
  Crazy Yiuf (D:5)
  2 bullfrog skeletons (D:5)
  An iguana (D:8)
  Ijyb (D:5)
  Terence (D:3)
  15 orc wizards
  9 worker ants
  A hound skeleton (D:6)
  A worker ant zombie (D:6)
  3 gnolls (D:7)
  A howler monkey skeleton (D:6)
  8 adders
  A shadow imp (D:6)
  2 ufetubi (D:10)
  3 oozes (D:2)
  2 adder zombies
  2 worms
  3 dart slugs
  3 leopard geckos
  53 orcs
  2 ball pythons
  10 bats
  2 giant cockroaches
  12 goblins
  5 hobgoblins
  2 jackals (D:9)
  4 quokkas
  7 frilled lizards
  A jackal zombie (D:5)
  13 kobolds
  A leopard gecko zombie (D:3)
  2 quokka skeletons
  7 rats
267 creatures vanquished.

Vanquished Creatures (collateral kills)
  2 orcs (Bailey)
2 creatures vanquished.

Grand Total: 269 creatures vanquished

Notes
Turn   | Place    | Note
-------+----------+-------------------------------------------
     0 | D:1      | Morbidden the Demonspawn Fighter began the quest for the
                  | Orb.
     0 | D:1      | Reached XP level 1. HP: 18/18 MP: 1/1
   241 | D:1      | Gained mutation: You have a pair of small horns on your
                  | head. [demonic ancestry]
   241 | D:1      | Reached XP level 2. HP: 23/24 MP: 2/2
   247 | D:1      | Reached skill level 2 in Long Blades
   704 | D:1      | Gained mutation: You may rarely emit foul miasma when
                  | damaged in melee. [demonic ancestry]
   704 | D:1      | Reached XP level 3. HP: 29/29 MP: 3/3
   998 | D:2      | Reached skill level 3 in Long Blades
  1007 | D:2      | Noticed Sigmund
  1027 | D:2      | Killed Sigmund
  1028 | D:2      | Reached skill level 4 in Long Blades
  1028 | D:2      | Reached XP level 4. HP: 36/36 MP: 4/4
  1028 | D:2      | Gained mutation: You are partially covered in razor-sharp
                  | scales. (AC +1, Slay +1) [demonic ancestry]
  1028 | D:2      | Reached XP level 5. HP: 41/41 MP: 5/5
  1139 | D:2      | Reached skill level 1 in Dodging
  1161 | D:2      | Found a burning altar of Makhleb.
  1163 | D:2      | Found a glowing silver altar of Zin.
  1163 | D:2      | Noticed an angel
  1163 | D:2      | Noticed a blizzard demon
  1914 | D:3      | Found an ornate altar of the Wu Jian Council.
  2030 | D:3      | Reached XP level 6. HP: 43/48 MP: 6/6
  2465 | D:3      | Found a blossoming altar of Fedhas.
  2466 | D:3      | Noticed Terence
  2475 | D:3      | Killed Terence
  2890 | D:4      | Reached skill level 1 in Throwing
  2890 | D:4      | Reached XP level 7. HP: 54/54 MP: 7/7
  3083 | D:4      | Reached skill level 5 in Long Blades
  3116 | D:5      | Entered Level 5 of the Dungeon
  3128 | D:5      | Reached skill level 1 in Short Blades
  3247 | D:5      | Noticed Ijyb
  3274 | D:5      | Killed Ijyb
  3387 | D:5      | Reached XP level 8. HP: 61/61 MP: 8/8
  3575 | D:5      | Found a runed translucent door.
  3576 | D:5      | Noticed Crazy Yiuf
  3946 | D:5      | Killed Crazy Yiuf
  4126 | D:6      | Found a hazy altar of Hepliaklqana.
  4129 | D:6      | Found a shimmering blue altar of Sif Muna.
  4132 | D:6      | Found an opulent altar of Gozag.
  4177 | D:6      | Found a transporter.
  4184 | D:6      | Noticed Menkaure
  4230 | D:6      | Found a basalt altar of Yredelemnul.
  4235 | D:6      | Found an ancient bone altar of Kikubaaqudgha.
  4238 | D:6      | Found a transporter.
  4323 | D:6      | Found a stormy altar of Qazlal.
  4653 | D:6      | Found a staircase to the Ecumenical Temple.
  4662 | Temple   | Entered the Ecumenical Temple
  4669 | Temple   | Became a worshipper of Cheibriados the Contemplative
  5051 | D:7      | Reached skill level 1 in Invocations
  5235 | D:7      | Reached skill level 5 in Fighting
  5235 | D:7      | Reached skill level 1 in Stealth
  5433 | D:7      | Reached skill level 1 in Spellcasting
  5559 | D:7      | Gained mutation: You are mostly covered in razor-sharp
                  | scales. (AC +2, Slay +2) [demonic ancestry]
  5559 | D:7      | Reached XP level 9. HP: 68/68 MP: 10/10
  5595 | D:7      | Reached skill level 6 in Long Blades
  5755 | D:7      | Reached * piety under Cheibriados
  5914 | D:8      | Noticed a two-headed ogre
  5928 | D:8      | Killed a two-headed ogre
  5929 | D:8      | Reached skill level 5 in Shields
  6009 | D:8      | Found a hide-covered altar of Uskayaw.
  6009 | D:8      | Found an iron altar of Okawaru.
  6058 | D:8      | Identified the +9 plate armour of Qazlal's Esteem {rPois
                  | Int+3}
  6377 | D:8      | Reached ** piety under Cheibriados
  6398 | D:9      | Noticed a troll
  6424 | D:9      | Killed a troll
  6583 | D:9      | Found a transporter.
  6588 | D:9      | Reached XP level 10. HP: 76/76 MP: 14/14
  6708 | D:9      | Identified the +4 kite shield of Sloth {rN+}
  6746 | D:9      | Found a bloodstained altar of Trog.
  6746 | D:9      | Noticed Erica
  6769 | D:9      | Killed Erica
  6770 | D:9      | Reached skill level 5 in Invocations
  6819 | D:9      | Reached *** piety under Cheibriados
  6993 | D:9      | Noticed Maurice
  7004 | D:9      | Killed Maurice
  7029 | D:9      | Noticed lupus83's ghost (novice DrIE)
  7031 | D:9      | Noticed a moth of wrath
  7052 | D:9      | Identified the +1 buckler of Yxtylur {rCorr Str+3 Dex+2}
  7075 | D:9      | Found a transporter.
  7232 | D:10     | Entered Level 10 of the Dungeon
  7252 | D:10     | Reached skill level 7 in Long Blades
  7337 | D:10     | Found a staircase to the Orcish Mines.
  7358 | D:10     | Reached skill level 5 in Dodging
  7419 | D:10     | Found Wiletite's General Store.
  7429 | D:10     | Bought a scroll of teleportation for 42 gold pieces
  7429 | D:10     | Bought a potion of curing for 42 gold pieces
  7492 | D:10     | Found Bomiukh's Antique Armour Shoppe.
  7661 | D:10     | Reached **** piety under Cheibriados
  7684 | D:10     | Identified the +0 cloak "Noxuel" {+Inv Dex+3}
  7878 | D:10     | Found Ciolid's Magic Scroll Boutique.
  8014 | D:11     | Noticed a two-headed ogre
  8035 | D:11     | Killed a two-headed ogre
  8036 | D:11     | Gained mutation: You have a pair of horns on your head.
                  | [demonic ancestry]
  8036 | D:11     | Reached XP level 11. HP: 84/84 MP: 16/16
  8099 | D:11     | Reached skill level 8 in Long Blades
  8135 | D:11     | Noticed a boulder beetle
  8166 | D:11     | Killed a boulder beetle
  8176 | D:11     | Found a flagged portal.
  8189 | Bailey   | Entered a bailey
  8259 | Bailey   | Reached ***** piety under Cheibriados
  8317 | Bailey   | Noticed an orc knight
  8318 | Bailey   | Noticed an orc knight
  8318 | Bailey   | Noticed an orc knight
  8322 | Bailey   | Noticed an orc knight
  8324 | Bailey   | Noticed an orc knight
  8327 | Bailey   | Mangled by an orc warrior

Illustrated notes

Levels and vault maps discovered:
D:1:      co_arrival_random_square_maze, layout_basic, eino_curves_01,
          minmay_split_cup_large
D:2:      layout_basic, grunt_temple_overflow_order_and_chaos_2, uniq_sigmund
D:3:      layout_basic, fedhas_altar_fruit_tree,
          pdpol_wu_jian_five_deadly_venoms, uniq_terence
D:4:      layout_cave_pools
D:5:      layout_basic, serial_bayou_pond_e, uniq_crazy_yiuf_cottage, uniq_ijyb
D:6:      layout_basic, gammafunk_temple_of_torment, grunt_qazlal_clouds,
          grunt_temple_overflow_diamond, minmay_temple_entry_overgrown,
          kennysheep_generic_room_13
D:7:      layout_gridville
D:8:      layout_rooms, gammafunk_temple_overflow_statue
D:9:      layout_loops_ring, kennysheep_little_box,
          gammafunk_ghost_berserking_beasts, grunt_ministairs_15, uniq_erica,
          uniq_maurice
D:10:     layout_loops_ring, erik_orc_4, serial_shops, shop, shop, shop,
          minmay_misc_feat_five
D:11:     layout_long_grid, grunt_lair_entry_orc_guard_hut, enter_bailey_3
Temple:   compressed_dpeg_triangle_lava_temple
Bailey:   bailey_polearm_5, bailey

Skill      XL: |  1  2  3  4  5  6  7  8  9 10 11 |
---------------+----------------------------------+-----
Long Blades    | 2 4 5 6 7 8 |  8.2
Armour         | 3 4 |  4.9
Shields        | 3 4 5 7 |  7.4
Dodging        | 1 2 3 4 5 |  5.5
Fighting       | 4 5 6 7 |  7.2
Throwing       | 1 |  1.4
Short Blades   | 2 3 4 |  4.8
Invocations    | 1 4 5 6 |  6.3
Stealth        | 1 |  1.8
Spellcasting   | 1 2 3 |  3.9

Action                   |  1- 3 |  4- 6 |  7- 9 | 10-12 || total
-------------------------+-------+-------+-------+-------++-------
Melee: Long sword        |    92 |    86 |    32 |       ||   210
       Headbutt          |    10 |    29 |   112 |    96 ||   247
       Dagger            |       |    52 |   404 |    50 ||   506
       Scimitar          |       |       |       |   187 ||   187
Throw: Dart              |       |     5 |       |     9 ||    14
Evoke: Phantom mirror    |       |       |       |     1 ||     1
  Use: Potion            |     1 |       |       |     1 ||     2
       Scroll            |       |     2 |     1 |     7 ||    10
Armor: Chain mail        |    73 |    91 |   229 |       ||   393
       Scale mail        |     2 |       |       |       ||     2
       Plate armour      |       |       |   107 |   215 ||   322
Dodge: Dodged            |    20 |    25 |    56 |   146 ||   247
Block: Kite shield       |    38 |    65 |     4 |   351 ||   458
       Tower shield      |       |       |   368 |    28 ||   396
       Rpst.: Long sword |     8 |     4 |     1 |       ||    13
       Scimitar          |       |       |       |    25 ||    25

Table legend: (Time is in decaauts)
 A = Elapsed time spent in this place.
 B = Non-inter-level travel time spent in this place.
 C = Inter-level travel time spent in this place.
 D = Time resting spent in this place.
 E = Time spent auto-exploring this place.
 F = Levels seen in this place.
 G = Mean time per level.
                   A        B        C        D        E       F      G
               +--------+--------+--------+--------+--------+-----+--------+
         Total |   9989 |   9655 |    334 |      0 |   7156 |  13 |  768.4 |
       Dungeon |   9777 |   9443 |    334 |      0 |   7061 |  11 |  888.8 |
        Temple |     16 |     16 |      0 |      0 |      3 |   1 |   16.0 |
        Bailey |    195 |    195 |      0 |      0 |     92 |   1 |  195.0 |
               +--------+--------+--------+--------+--------+-----+--------+

Top non-repeatable levels by time:
     D:9: 1265 daAuts
    D:10: 1250 daAuts
     D:7: 1166 daAuts
     D:6: 1076 daAuts
     D:2: 1022 daAuts
     D:3: 920 daAuts
     D:5: 900 daAuts
     D:1: 790 daAuts
     D:8: 637 daAuts
     D:4: 474 daAuts
    D:11: 273 daAuts
  Bailey: 195 daAuts
  Temple: 16 daAuts
